 Dungeon Crawl Stone Soup version 0.31-a0-1159-g800acc2fd1 (webtiles) character file.

Game seed: 9043328178815252391

54 Malachi the Changeling (level 3, -3/32 HPs)
             Began as a Naga Shapeshifter on Dec 8, 2023.
             Slain by Terence
             ... wielding a +0 hand axe
              (4 damage)
             ... on level 2 of the Dungeon.
             The game lasted 00:01:42 (2184 turns).

Malachi the Changeling (Naga Shapeshifter)          Turns: 2184, Time: 00:01:43

Health: -3/32      AC:  2    Str: 18    XL:     3   Next: 91%
Magic:  3/3        EV:  9    Int: 10    God:
Gold:   69         SH:  0    Dex: 10    Spells: 2/2 levels left

rFire   . . .        f - +1 short sword (drain)
rCold   . . .        (no shield)
rNeg    . . .        a - +0 animal skin
rPois   +            (helmet currently unavailable)
rElec   .            (cloak currently unavailable)
rCorr   .            (gloves currently unavailable)
SInv    +            (no barding)
Will    .....        (no amulet)
Stlth   ++           (no ring)
HPRegen 0.25/turn    (no ring)
MPRegen 0.08/turn

%: no passive effects
@: short of breath, beast-form, very slow
A: beast (slay +1), AC +1, large, see invisible, deformed body, poison
resistance, slowness 2, spit poison 1, naga tail 1
a: Spit Poison, Begin Untransformation


You were on level 2 of the Dungeon.
You were a hulking beast.
You visited 1 branch of the dungeon, and saw 2 of its levels.

You collected 69 gold pieces.

Inventory:

Hand Weapons
 f - a +1 short sword of draining (weapon)
Armour
 a - a +0 animal skin (worn)
 h - a +0 pair of gloves
Talismans
 c - a beast talisman
 d - a flux talisman
Scrolls
 i - a scroll of poison {unknown}
 j - a scroll of noise {unknown}
 k - a scroll of fear {unknown}
 l - a scroll of enchant weapon {unknown}
 m - a scroll of torment {unknown}
 n - a scroll of vulnerability {unknown}
 o - a scroll of teleportation {unknown}
Potions
 b - 2 potions of lignification
 e - 3 potions of curing {unknown}
 g - 2 potions of mutation {unknown}


   Skills:
 + Level 2.2 Fighting
 - Level 1.7 Dodging
 + Level 2.1 Stealth
 - Level 3.1 Unarmed Combat
 + Level 3.4 Shapeshifting


You had 2 spell levels left.
You didn't know any spells.
Your spell library contained the following spells:

 Spells                   Type           Power      Damage    Failure   Level
 Apportation              Tloc           0%         N/A       36%         1
 Necrotise                Necr           0%         1d4       36%         1
 Summon Small Mammal      Summ           0%         N/A       36%         1


Dungeon Overview and Level Annotations

Branches:
Dungeon (2/15)

Altars:

Annotations:
D:2 Terence


Innate Abilities, Weirdness & Mutations

You are a hulking beast.
Your limbs bulge with bestial killing power. (Slay +1)
Your serpentine skin is tough. (AC +1)
You have supernaturally acute eyesight. (SInv)
Armour fits poorly on your strangely shaped body.
Your system is resistant to poisons. (rPois)
You cover ground very slowly.
You can spit poison.
You have a snake-like lower body.


Message History

Terence closely misses you.
You closely miss Terence.
Terence is moderately wounded.
Terence hits you with a +0 hand axe!
You hit Terence but do no damage.
Terence is moderately wounded.
Terence closely misses you.
You barely miss Terence.
Terence is moderately wounded.
Terence hits you with a +0 hand axe!
You hit Terence but do no damage.
Terence is moderately wounded.
Terence hits you with a +0 hand axe.
Aiming: Spit Poison (2% risk of failure)
Press: ? - help, Shift-Dir - straight line, f - Terence
Aim: Terence, wielding a +0 hand axe and wearing a +3 chain mail of poison resistance (moderately wounded, 70% to hit)
The splash of poison hits Terence but does no damage.
Terence is moderately wounded.
Terence hits you with a +0 hand axe.
You are too injured to fight recklessly!
You are too injured to fight recklessly!
You are too injured to fight recklessly!
You are too injured to fight recklessly!
You hit Terence but do no damage.
Terence is moderately wounded.
Terence hits you with a +0 hand axe.
* * * LOW HITPOINT WARNING * * *
You hit Terence but do no damage. You drain Terence.
Terence is heavily wounded.
Terence hits you with a +0 hand axe.
* * * LOW HITPOINT WARNING * * *
You barely miss Terence.
Terence is heavily wounded.
Terence hits you with a +0 hand axe.
* * * LOW HITPOINT WARNING * * *
You hit Terence but do no damage. You drain Terence.
Terence is heavily wounded.
Terence hits you with a +0 hand axe.
You die...
Terence says, "Time to find some more victims."

#.... .# ....
<# ..> .#
?.##.# ..?.#
. # ##...
..#.##..@###
....#...h..##
...........#
####......##
#####...#.#
..# ##.##.#
#.# #.# ..
#.# #.# ##
#.# #†# #.#
#.# #.####


You could see Terence (very drained).

Vanquished Creatures
  An adder (D:2)
  2 worms (D:2)
  2 bats (D:1)
  4 endoplasms (D:1)
  5 goblins (D:1)
  3 hobgoblins (D:1)
  5 kobolds
  2 quokkas (D:1)
  5 ball pythons
  8 frilled lizards
  4 rats (D:1)
41 creatures vanquished.

Notes
Turn   | Place    | Note
-------+----------+-------------------------------------------
     0 | D:1      | Malachi the Naga Shapeshifter began the quest for the Orb.
     0 | D:1      | Reached XP level 1. HP: 18/18 MP: 1/1
   298 | D:1      | Reached XP level 2. HP: 3/25 MP: 2/2
  1238 | D:1      | Reached skill level 1 in Stealth
  1301 | D:1      | Reached XP level 3. HP: 21/32 MP: 3/3
  2172 | D:2      | Noticed Terence
  2183 | D:2      | HP: 1/32 [Terence/+0 hand axe (5)]
  2184 | D:2      | Slain by Terence

Illustrated notes

Levels and vault maps discovered:
D:1:      denvon_arrival_waterhouse, layout_loops_corners, serial_glass,
          glass_columns_b, glass_columns_c
D:2:      layout_loops_ring, minmay_misc_feat_chi, uniq_terence

Skill      XL: |  1  2  3 |
---------------+----------+-----
Stealth        | 1 2 |  2.1
Fighting       | 2 |  2.2
Dodging        | |  1.7
Unarmed Combat | |  3.1
Shapeshifting  | |  3.4

Action                     || total
---------------------------++-------
  Melee: Unarmed           ||    24
         Punch             ||     2
         Short sword       ||    83
Ability: Spit Poison       ||     4
   Stab: Sleeping          ||     3
 Armour: Animal skin       ||    75
  Dodge: Dodged            ||    43

Table legend: (Time is in decaauts)
 A = Elapsed time spent in this place.
 B = Non-inter-level travel time spent in this place.
 C = Inter-level travel time spent in this place.
 D = Time resting spent in this place.
 E = Time spent auto-exploring this place.
 F = Levels seen in this place.
 G = Mean time per level.
                   A        B        C        D        E       F      G
               +--------+--------+--------+--------+--------+-----+--------+
         Total |   2607 |   2544 |     63 |    763 |   1485 |   2 | 1303.5 |
       Dungeon |   2607 |   2544 |     63 |    763 |   1485 |   2 | 1303.5 |
               +--------+--------+--------+--------+--------+-----+--------+

Top non-repeatable levels by time:
     D:1: 2138 daAuts
     D:2: 468 daAuts
